 Dungeon Crawl Stone Soup version 0.23-a0-94-g44dc95e (webtiles) character file.

16975 CanOfBees the Zephyrmancer (level 12, -6/78 HPs)
             Began as a Tengu Air Elementalist on Aug 16, 2018.
             Was a High Priest of Okawaru.
             Mangled by a six-headed hydra (8 damage)
             ... on level 1 of the Lair of Beasts.
             The game lasted 00:48:34 (20226 turns).

CanOfBees the Zephyrmancer (TeAE)                  Turns: 20226, Time: 00:48:35

Health: -6/78      AC:  8    Str: 10    XL:     12   Next: 43%
Magic:  39/49      EV: 14    Int: 19    God:    Okawaru [*****.]
Gold:   652        SH:  0    Dex: 15    Spells: 11/28 levels left

rFire    . . .     SeeInvis .   l - staff of power
rCold    . . .     Gourm    .   (no shield)
rNeg     . . .     Faith    .   K - +0 troll leather armour
rPois    .         Spirit   .   (helmet restricted)
rElec    .         Reflect  .   q - +1 cloak
rCorr    .         Harm     .   C - +0 pair of gloves
MR       .....                  (boots unavailable)
Stlth    +++.......             (no amulet)
HPRegen  0.63/turn              I - ring of stealth
MPRegen  0.31/turn              h - ring of magical power

@: no status effects
A: beak, talons 3, able to fly 1
a: Fly, Heroism, Finesse, Renounce Religion


You were on level 1 of the Lair of Beasts.
You worshipped Okawaru.
Okawaru was extremely pleased with you.
You were hungry.

You visited 3 branches of the dungeon, and saw 14 of its levels.
You also visited: Sewer.

You collected 652 gold pieces.

Inventory:

Hand Weapons
 d - a +0 long sword
 u - a +2 trident
 B - a +0 whip of electrocution
 M - a +2 glaive of chopping
Missiles
 f - 5 tomahawks of returning
 k - 82 poisoned needles
 m - 4 curare-tipped needles
 n - 33 tomahawks
 o - a throwing net
 p - 113 sling bullets
 t - 7 poisoned javelins (quivered)
Armour
 a - a +2 robe
 q - a +1 cloak (worn)
 A - a +2 leather armour of cold resistance
 C - a +0 pair of gloves (worn)
 J - a +1 robe of magic resistance
 K - a +0 troll leather armour (worn)
Magical Staves
 l - an uncursed staff of power (weapon)
 H - an uncursed staff of conjuration
Jewellery
 h - a ring of magical power (right hand)
 I - a ring of stealth (left hand)
Wands
 i - a wand of polymorph (15)
 x - a wand of iceblast (9)
 L - a wand of flame (23)
Scrolls
 e - 4 scrolls of amnesia
 g - 4 scrolls of identify
 j - 6 scrolls of remove curse
 r - a scroll of magic mapping
 v - a scroll of immolation
 y - a scroll of summoning
 E - a scroll of enchant weapon
 N - a scroll of enchant armour
Potions
 b - 9 potions of curing
 s - 2 potions of berserk rage
 w - 3 potions of mutation
 z - 2 potions of lignification
 D - 2 potions of might
 F - 2 potions of agility
 G - a potion of heal wounds
Comestibles
 c - 4 rations
 O - 6 chunks of flesh


   Skills:
 + Level 10.4 Fighting
 - Level 5.0 Long Blades
 - Level 5.0 Armour
 + Level 5.1 Dodging
 - Level 2.0 Stealth
 - Level 8.5 Spellcasting
 - Level 10.0 Conjurations
 - Level 10.7 Air Magic
 + Level 5.4 Invocations


You had 11 spell levels left.
You knew the following spells:

 Your Spells              Type           Power        Failure   Level  Hunger
a - Shock                 Conj/Air       ####         1%          1    None
b - Static Discharge      Conj/Air       #####...     1%          3    None
c - Airstrike             Air            #####.....   1%          4    ###....
d - Lightning Bolt        Conj/Air       #####.....   4%          5    #####..
e - Iskenderun's Mystic   Conj           #####...     1%          4    ###....

Your spell library contained the following spells:

 Spells                   Type           Power        Failure   Level  Hunger
 Magic Dart               Conj           ####         1%          1    None
 Confuse                  Hex            #.......     34%         3    None
 Tukima's Dance           Hex            #.......     34%         3    None
 Swiftness                Chrm/Air       ####....     1%          2    None
 Ensorcelled Hibernation  Hex/Ice        #.....       17%         2    None
 Corona                   Hex            #......      12%         1    None
 Fulminant Prism          Conj/Hex       ####......   14%         4    ###....
 Dazzling Spray           Conj/Hex       ####..       4%          3    None
 Force Lance              Conj/Tloc      ####....     14%         4    ###....
 Searing Ray              Conj           #####.       1%          2    None


Dungeon Overview and Level Annotations

Branches:
Dungeon (12/15)            Temple (1/1) D:7            Lair (1/6) D:11
    Orc (0/2) D:10

Altars:
Ashenzari
Cheibriados
Dithmenos
Elyvilon
Fedhas
Gozag
Hepliaklqana
Kikubaaqudgha
Makhleb
Nemelex Xobeh
Okawaru
Qazlal
Ru
Sif Muna
Trog
Uskayaw
Vehumet
Wu Jian
Xom
Yredelemnul
Zin
The Shining One

Shops:
D:5 (


Innate Abilities, Weirdness & Mutations

You have a beak for a mouth.
You have claws for feet.
You can fly.


Message History

You are feeling hungry.
You hear a loud, deep croak!
You hear an angry hiss.
You hear a croak.
You hear a loud, deep croak!
You hear an angry hiss. x2; You hear a croak.
You hear an angry hiss.
The six-headed hydra bites you! The six-headed hydra barely misses you.
The six-headed hydra bites you! x2
* * * LOW HITPOINT WARNING * * *
The six-headed hydra bites you but does no damage.
The six-headed hydra bites you!
* * * LOW HITPOINT WARNING * * *
Casting: Lightning Bolt (safe; 4% risk of failure)
Confirm with . or Enter, or press ? or * to list all spells.
Aiming: Lightning Bolt (safe; 4% risk of failure)
Press: ? - help, Shift-Dir - straight line You hear a mighty clap of thunder!
The bolt of lightning hits the six-headed hydra.
The six-headed hydra is moderately wounded.
The six-headed hydra bites you but does no damage.
The six-headed hydra bites you!
You die...

................
..............>.
.................
.................
.........H....... #......
#...............
#....)#######.....#.###.##.#
#.....##...#......#.........
#.....##..D@......#........#
#.....##..H##..............#
#.....##...##...............
##.....#....##.....#........
#.......#...##......##.###.#
######<....##...##..............
...........#######.>..>........
............#.P#.#..............
............D.D..H..............


You could see a six-headed hydra and a hippogriff.

Vanquished Creatures
  Harold (D:8)
  4 two-headed ogres
  An unseen horror (D:10)
  A deep elf mage (D:10)
  Pikel (D:7)
  3 manticores (D:11)
  3 ugly things (D:11)
  Psyche (D:8)
  A centaur skeleton (D:10)
  A rime drake (Lair:1)
  A merfolk (D:10)
  5 trolls
  A hornet (D:9)
  2 hippogriffs
  3 vampires
  A spriggan (D:10)
  A wyvern (D:10)
  Grum (D:9)
  A human (D:9)
  3 chaos spawn (D:8)
  A soldier ant (shapeshifter) (D:11)
  A soldier ant (D:11)
  A water moccasin (D:10)
  3 orc warriors
  A black bear (D:10)
  3 ice beasts
  7 ogres
  6 sky beasts
  2 phantoms
  2 wolves (D:9)
  3 centaurs
  2 big kobolds
  6 bullfrogs
  A water moccasin skeleton (D:6)
  2 wyvern skeletons
  4 scorpions
  11 killer bees
  5 wights (D:11)
  8 howler monkeys
  4 crimson imps
  A centaur zombie (D:9)
  2 quasits (D:10)
  3 bullfrog skeletons
  A bullfrog zombie (D:8)
  3 hounds
  6 orc priests
  2 jellies (D:9)
  2 iguanas
  10 orc wizards
  12 worker ants
  2 hound skeletons
  A howler monkey zombie (D:10)
  9 gnolls
  10 adders
  3 river rats (Sewer)
  2 shadow imps
  An ooze (D:3)
  An adder zombie (D:5)
  An adder skeleton (D:7)
  2 worms
  A dart slug (D:2)
  5 leopard geckos
  49 orcs
  A ball python (D:6)
  7 giant cockroaches
  8 goblins
  4 hobgoblins
  7 jackals
  20 kobolds
  7 quokkas
  14 bats
  2 frilled lizards (D:2)
  A quokka zombie (D:6)
  8 rats
317 creatures vanquished.

Vanquished Creatures (collateral kills)
  An orc wizard (D:5)
  A gnoll (D:5)
2 creatures vanquished.

Vanquished Creatures (others)
  A centaur zombie (D:10)
  A wraith (D:10)
  A centaur (D:7)
  A bullfrog (D:7)
  A scorpion (D:7)
  A killer bee (D:10)
  2 crimson imps (D:7)
  A hound (D:7)
  An ooze (D:7)
  2 adder skeletons (D:7)
  A quokka (D:7)
  A fungus (Lair:1)
14 creatures vanquished.

Grand Total: 333 creatures vanquished

Notes
Turn   | Place    | Note
-------+----------+-------------------------------------------
     0 | D:1      | CanOfBees the Tengu Air Elementalist began the quest for the Orb.
     0 | D:1      | Reached XP level 1. HP: 10/10 MP: 4/4
   163 | D:1      | Reached XP level 2. HP: 16/16 MP: 0/6
   593 | D:1      | Reached skill level 1 in Fighting
   620 | D:1      | Reached XP level 3. HP: 20/20 MP: 5/7
   674 | D:1      | Learned a level 3 spell: Static Discharge
   991 | D:1      | You fall through a shaft!
  1424 | D:2      | Reached XP level 4. HP: 25/25 MP: 5/8
  2737 | D:3      | Reached skill level 5 in Air Magic
  2737 | D:3      | Gained mutation: You can fly. [Tengu growth]
  2737 | D:3      | Reached XP level 5. HP: 30/30 MP: 4/10
  3320 | D:3      | Learned a level 4 spell: Airstrike
  3729 | D:4      | Found a glowing drain.
  3760 | D:4      | Reached XP level 6. HP: 13/36 MP: 2/11
  3792 | D:4      | HP: 1/36 [poisoned by a scorpion]
  4015 | Sewer    | Entered a sewer
  4756 | Sewer    | Found a white marble altar of Elyvilon.
  4921 | D:4      | Reached XP level 7. HP: 28/41 MP: 8/13
  5243 | D:4      | Reached skill level 5 in Conjurations
  5791 | D:5      | Entered Level 5 of the Dungeon
  6150 | D:5      | Reached XP level 8. HP: 14/48 MP: 7/15
  6326 | D:5      | Learned a level 5 spell: Lightning Bolt
  6509 | D:5      | Found Oxeng's Antique Weapon Shoppe.
  6773 | D:5      | Found an opulent altar of Gozag.
  7132 | D:5      | Noticed a hippogriff
  7135 | D:5      | Killed a hippogriff
  7135 | D:5      | Reached skill level 5 in Spellcasting
  7334 | D:6      | Found a stormy altar of Qazlal.
  7340 | D:6      | Reached skill level 5 in Fighting
  7599 | D:6      | Reached XP level 9. HP: 29/54 MP: 3/18
  9233 | D:7      | Noticed Pikel
  9257 | D:7      | Killed Pikel
  9838 | D:7      | Found a staircase to the Ecumenical Temple.
  9850 | Temple   | Entered the Ecumenical Temple
  9951 | Temple   | Became a worshipper of Warmaster Okawaru
 10056 | D:8      | Found a burning altar of Makhleb.
 10111 | D:8      | Noticed Psyche
 10122 | D:8      | Killed Psyche
 10122 | D:8      | Reached skill level 1 in Long Blades
 10122 | D:8      | Reached skill level 1 in Armour
 10122 | D:8      | Reached skill level 1 in Invocations
 10225 | D:7      | Reached XP level 10. HP: 44/61 MP: 11/21
 10652 | D:7      | Reached skill level 10 in Air Magic
 11166 | D:8      | Reached * piety under Okawaru
 11690 | D:8      | Noticed Harold
 11993 | D:8      | Killed Harold
 12435 | D:8      | Found a shimmering altar of Xom.
 12436 | D:8      | Found the +7 mace of Variability {chain chaos}
 12493 | D:9      | Noticed a two-headed ogre
 12705 | D:9      | Reached ** piety under Okawaru
 12936 | D:9      | Killed a two-headed ogre
 13087 | D:9      | Noticed a two-headed ogre
 13163 | D:9      | Killed a two-headed ogre
 13163 | D:9      | Reached *** piety under Okawaru
 13163 | D:9      | Reached XP level 11. HP: 68/68 MP: 23/23
 13243 | D:9      | Received a gift from Okawaru
 13944 | D:9      | Noticed Grum
 13946 | D:9      | Killed Grum
 14360 | D:10     | Entered Level 10 of the Dungeon
 14362 | D:10     | Reached skill level 5 in Long Blades
 14367 | D:10     | Noticed a two-headed ogre
 14368 | D:10     | Reached skill level 5 in Armour
 15201 | D:10     | Learned a level 4 spell: Iskenderun's Mystic Blast
 15217 | D:10     | Noticed a deep elf mage
 15223 | D:10     | Reached **** piety under Okawaru
 15228 | D:10     | Killed a deep elf mage
 15680 | D:10     | Killed an unseen horror
 16663 | D:10     | Found a staircase to the Orcish Mines.
 16908 | D:10     | Noticed a two-headed ogre
 16942 | D:10     | Killed a two-headed ogre
 17080 | D:10     | Noticed a two-headed ogre
 17127 | D:10     | Killed a two-headed ogre
 17127 | D:10     | Reached ***** piety under Okawaru
 17784 | D:11     | Noticed a salamander
 17880 | D:11     | Reached XP level 12. HP: 75/77 MP: 22/25
 18059 | D:11     | Reached skill level 10 in Conjurations
 18188 | D:11     | Reached skill level 10 in Fighting
 18188 | D:11     | Reached skill level 5 in Dodging
 18621 | D:11     | Found a staircase to the Lair.
 18707 | D:11     | Reached skill level 5 in Invocations
 18711 | D:11     | HP: 1/77 [hippogriff (3)]
 19682 | D:11     | Received a gift from Okawaru
 20045 | Lair:1   | Entered Level 1 of the Lair of Beasts
 20047 | Lair:1   | Upgraded the game from 0.23-a0-87-g5f73bc1 to 0.23-a0-94-g44dc95e
 20189 | Lair:1   | Noticed a six-headed hydra
 20225 | Lair:1   | HP: 2/78 [six-headed hydra (14)]
 20226 | Lair:1   | Mangled by a six-headed hydra

Vault maps used:
D:1:      dpeg_arrival_signposts
D:3:      first_ration, nicolae_underground_beach
D:4:      gup_sewer_entry_glass
D:5:      serial_shops, shop, grunt_gozag_statues
D:6:      nicolae_qazlal_eye_of_the_storm
D:7:      minmay_temple_entry_grid, uniq_pikel
D:8:      basic_altar, minmay_guarded_unrand_variability, uniq_psyche,
          uniq_harold
D:9:      uniq_grum
D:10:     orc_0_dummy, hangedman_stone_soup
D:11:     lair_entry_dummy
D:12:     kennysheep_scales, portal_ice_cave_rime, uniq_frances
Temple:   grunt_wide_crystal_templ
Lair:1:   minmay_holes, serial_bayou_shore_a
Sewer:    sewer_kobolds

Skill      XL: |  1  2  3  4  5  6  7  8  9 10 11 12 |
---------------+-------------------------------------+-----
Conjurations   | 2 3 4 5 7 8 9 10 | 10.0
Fighting       | 1 2 3 4 5 6 8 9 10 | 10.4
Air Magic      | 5 6 7 8 9 10 | 10.7
Spellcasting   | 3 4 5 6 7 8 |  8.5
Long Blades    | 1 4 5 |  5.0
Armour         | 1 4 5 |  5.0
Invocations    | 1 3 4 5 |  5.4
Dodging        | 4 5 |  5.1
Stealth        | |  2.0

Action                   |  1- 3 |  4- 6 |  7- 9 | 10-12 || total
-------------------------+-------+-------+-------+-------++-------
Melee: Dagger            |     1 |       |       |       ||     1
       Short sword       |     4 |     2 |       |       ||     6
       Kick              |     1 |     5 |    10 |    45 ||    61
       Quarterstaff      |       |    25 |    53 |       ||    78
       Peck              |       |     1 |     8 |    30 ||    39
       Long sword        |       |       |     6 |   129 ||   135
       Whip              |       |       |       |     2 ||     2
       Glaive            |       |       |       |     7 ||     7
       Staff             |       |       |       |     3 ||     3
Throw: Tomahawk          |       |     1 |     3 |     1 ||     5
       Javelin           |       |       |       |     7 ||     7
 Cast: Shock             |    57 |   118 |   144 |    33 ||   352
       Static Discharge  |     1 |     8 |    11 |     9 ||    29
       Airstrike         |       |       |    28 |   130 ||   158
       Lightning Bolt    |       |       |     8 |    86 ||    94
       Iskenderun's Myst |       |       |       |     4 ||     4
Invok: Heroism           |       |       |       |     1 ||     1
 Abil: Fly               |       |     1 |       |       ||     1
Evoke: Wand              |       |     1 |       |    30 ||    31
  Use: Scroll            |     1 |     1 |     7 |    13 ||    22
       Potion            |       |     7 |     4 |     9 ||    20
 Stab: Sleeping          |       |       |     1 |     1 ||     2
  Eat: Chunk             |     2 |     9 |    18 |    38 ||    67
       Ration            |       |     1 |     2 |     9 ||    12
Armor: Robe              |     4 |    11 |    29 |    10 ||    54
       Leather armour    |       |       |     3 |    18 ||    21
       Troll leather arm |       |       |       |    80 ||    80
Dodge: Dodged            |    17 |    33 |    98 |   199 ||   347
       Rpst.: Long sword |       |       |     5 |    31 ||    36

Table legend:
 A = Non-vault XP
 B = Vault XP
 C = Vault XP percentage of total XP
 D = Non-vault monster count
 E = Vault monster count
 F = Vault count percentage of total count
 G = Total turns spent on level
                 A         B        C        D         E       F
            +---------+---------+-------+---------+---------+-------
      Total |   19779 |    4471 |  18.4 |     294 |      26 |   8.1
            +---------+---------+-------+---------+---------+-------
        D:1 |      44 |       0 |   0.0 |      24 |       0 |   0.0
        D:2 |      74 |       0 |   0.0 |      23 |       0 |   0.0
        D:3 |     117 |       0 |   0.0 |      27 |       0 |   0.0
        D:4 |     654 |      28 |   4.1 |      26 |       3 |  10.3
        D:5 |     875 |       0 |   0.0 |      22 |       0 |   0.0
        D:6 |    1314 |       0 |   0.0 |      35 |       0 |   0.0
        D:7 |     739 |     586 |  44.2 |      17 |       1 |   5.6
        D:8 |     513 |    1949 |  79.2 |      17 |       5 |  22.7
        D:9 |    3903 |     628 |  13.9 |      31 |       4 |  11.4
       D:10 |    5436 |    1135 |  17.3 |      31 |       3 |   8.8
       D:11 |    5716 |       0 |   0.0 |      40 |       0 |   0.0
     Lair:1 |     394 |       0 |   0.0 |       1 |       0 |   0.0
      Sewer |       0 |     145 | 100.0 |       0 |      10 | 100.0
            +---------+---------+-------+---------+---------+-------
